 Dungeon Crawl Stone Soup version 0.29-a0-9-g022ca4c890 (webtiles) character file.

Game seed: 9136094597728338138

266 dolemite99 the Chopper (level 6, -4/45 HPs)
             Began as a Minotaur Fighter on Jan 28, 2022.
             Was a Follower of Okawaru.
             Killed by divine providence
             ... invoked by an orc priest
              (12 damage)
             ... on level 3 of the Dungeon.
             The game lasted 00:02:59 (2742 turns).

dolemite99 the Chopper (Minotaur Fighter)           Turns: 2742, Time: 00:02:59

Health: -4/45      AC: 13    Str: 22    XL:     6   Next: 0%
Magic:  2/5        EV: 11    Int:  5    God:    Okawaru [*.....]
Gold:   116        SH:  5    Dex: 10    Spells: 5/5 levels left

rFire   . . .      SeeInvis .   a - +0 war axe
rCold   . . .      Faith    .   c - +0 buckler
rNeg    + . .      Spirit   .   q - +0 pearl dragon scales
rPois   .          Reflect  .   (helmet unavailable)
rElec   .          Harm     .   (no cloak)
rCorr   .          Rampage  .   (no gloves)
Will    .....                   (no boots)
Stlth   +.........              (no amulet)
HPRegen 0.15/turn               (no ring)
MPRegen 0.09/turn               (no ring)

@: heroic, attractive
A: horns 3, retaliatory headbutt, frail 1
a: Renounce Religion, Heroism


You were on level 3 of the Dungeon.
You worshipped Okawaru.
Okawaru was aware of your devotion.
You visited 1 branch of the dungeon, and saw 3 of its levels.

You collected 116 gold pieces.

Inventory:

Hand Weapons
 a - a +0 war axe (weapon)
 e - a +0 hunting sling
Missiles
 d - 4 sling bullets
 h - 43 bolts
 k - 70 stones (quivered)
Armour
 b - a +0 scale mail
 c - a +0 buckler (worn)
 n - +0 steam dragon scales
 q - +0 pearl dragon scales (worn)
Scrolls
 g - 2 scrolls of teleportation {unknown}
 i - a scroll of torment {unknown}
 j - a scroll of brand weapon {unknown}
 l - a scroll of noise {unknown}
Potions
 m - a potion of curing {unknown}
 o - a potion of attraction
 p - a potion of cancellation {unknown}


   Skills:
 - Level 3.6(8.6) Fighting
 + Level 7.6(12.6) Axes
 - Level 3.6(8.6) Armour
 - Level 3.6(8.6) Shields


You had 5 spell levels left.
You didn't know any spells.
Your spell library contained the following spells:

 Spells                   Type           Power      Damage    Failure   Level
 Corpse Rot               Necr/Air       0%         N/A       95%         2
 Ensorcelled Hibernation  Hex/Ice        0%         N/A       95%         2
 Spider Form              Tmut/Pois      0%         N/A       99%         3
 Anguish                  Hex/Necr       0%         N/A       100%        4
 Dispel Undead            Necr           0%         3d6       100%        4
 Enfeeble                 Hex            0%         N/A       100%        7
 Tukima's Dance           Hex            Unusable   N/A       N/A         3
 Death Channel            Necr           Unusable   N/A       N/A         6

Dungeon Overview and Level Annotations

Branches:
Dungeon (3/15)

Altars:
Okawaru


Innate Abilities, Weirdness & Mutations

You have a pair of large horns on your head.
You reflexively headbutt those who attack you in melee.
You are frail. (-10% HP)


Message History

An orc wizard, 2 orcs and an orc priest come into view.
The orc shouts!
The orc wizard shouts!
The orc shouts!
The orc priest shouts!
You throw a stone.
The stone hits the orc but does no damage.
The orc wizard points at you and mumbles some strange words.
The puff of flame misses you.
You slash the orc!
The orc is almost dead.
The orc closely misses you. x2
You gain the combat prowess of a mighty hero.
The orc priest invokes the aid of Beogh against you.
Beogh smites you!
You hit the orc but do no damage.
The orc priest invokes the aid of Beogh against you.
Beogh smites you!
You closely miss the orc. You headbutt the orc.
You kill the orc!
Okawaru accepts your kill.
You hit the orc.
You kill the orc!
Okawaru accepts your kill.
You have reached level 6!
You miss the orc wizard.
The orc wizard hits you but does no damage.
You closely miss the orc wizard. The orc wizard closely misses you.
You slash the orc wizard!
The orc wizard is almost dead.
The orc wizard points at you and mumbles some strange words.
The puff of flame hits you!
* * * LOW HITPOINT WARNING * * *
It was a potion of attraction.
You feel attractive to monsters. The orc wizard casts a spell at you.
The magic dart hits you.
* * * LOW HITPOINT WARNING * * *
It was a potion of mutation.
You feel extremely strange.
You feel frail. The horns on your head grow some more.
The orc priest calls down the wrath of Beogh upon you.
Beogh smites you!
You die...

....P..P..###.#.#.# #
...P......###.#...# #
..P........##.#.######
#
...P..P....##.#......#
#
†...............####.#
# #.P....P........# #
....PPP.........# #
##.............>####.##
#
######..####...@oo...#
#.#####.####o(..#
#.)...#.# ....#
######÷##.# ....# ####
##..###.##.####oo..#
#...
##8..8#........#....#
#.##
#........##.##.#....#
#.#
#..>...#.......######
#.# ##8..8##.#####.#
#.#


You could see an orc priest, an orc wizard and an orc.

Vanquished Creatures
  A scorpion (D:2)
  A gnoll shaman (D:3)
  4 gnolls (D:3)
  5 adders
  4 worms
  A dart slug (D:2)
  6 orcs (D:3)
  3 endoplasms
  4 giant cockroaches
  6 goblins
  8 hobgoblins
  5 jackals
  A quokka (D:2)
  6 ball pythons
  4 bats
  5 frilled lizards
  10 kobolds
  6 rats
80 creatures vanquished.

Vanquished Creatures (others)
  9 plants (D:3)
9 creatures vanquished.

Grand Total: 89 creatures vanquished

Notes
Turn   | Place    | Note
-------+----------+-------------------------------------------
     0 | D:1      | dolemite99 the Minotaur Fighter began the quest for the
                  | Orb.
     0 | D:1      | Reached XP level 1. HP: 19/19 MP: 0/0
   148 | D:1      | Reached skill level 3 in Axes
   216 | D:1      | Reached XP level 2. HP: 26/26 MP: 1/1
   663 | D:1      | Reached skill level 4 in Axes
   977 | D:2      | Reached XP level 3. HP: 31/31 MP: 2/2
   978 | D:2      | Noticed a scorpion
   987 | D:2      | Killed a scorpion
   988 | D:2      | Reached skill level 5 in Axes
   988 | D:2      | Reached XP level 4. HP: 28/39 MP: 3/3
  1217 | D:2      | Reached skill level 6 in Axes
  1282 | D:2      | Found a faded altar of an unknown god.
  1294 | D:2      | Prayed at the altar of an unknown god.
  1294 | D:2      | Became a worshipper of Warmaster Okawaru
  1294 | D:2      | Reached * piety under Okawaru
  1658 | D:2      | Reached XP level 5. HP: 45/45 MP: 4/4
  2019 | D:3      | Reached skill level 7 in Axes
  2738 | D:3      | Reached XP level 6. HP: 20/51 MP: 2/5
  2742 | D:3      | Gained mutation: You are frail. (-10% HP) [potion of
                  | mutation]
  2742 | D:3      | Gained mutation: You have a pair of large horns on your
                  | head. [potion of mutation]
  2742 | D:3      | Killed from afar by an orc priest

Illustrated notes

Levels and vault maps discovered:
D:1:      dpeg_arrival_another_circle, layout_loops_cross, st_stairs_2
D:2:      layout_loops_ring, chequers_ecumenical_altar_simple
D:3:      layout_basic, st_stairs_6, nicolae_grassy_gnolls

Skill      XL: |  1  2  3  4  5 |
---------------+----------------+-----
Axes           | 3 4 5 6 7 |  7.6
Fighting       | |  3.6
Armour         | |  3.6
Shields        | |  3.6

Action                   |  1- 3 |  4- 6 || total
-------------------------+-------+-------++-------
Melee: War axe           |    48 |    93 ||   141
       Headbutt          |     5 |     9 ||    14
Throw: Stone             |    13 |    49 ||    62
Invok: Heroism           |       |     4 ||     4
  Use: Potion            |     1 |     2 ||     3
Armor: Scale mail        |    14 |    32 ||    46
       Pearl dragon scal |       |     1 ||     1
Dodge: Dodged            |    18 |    46 ||    64
Block: Buckler           |    10 |    12 ||    22

Table legend: (Time is in decaauts)
 A = Elapsed time spent in this place.
 B = Non-inter-level travel time spent in this place.
 C = Inter-level travel time spent in this place.
 D = Time resting spent in this place.
 E = Time spent auto-exploring this place.
 F = Levels seen in this place.
 G = Mean time per level.
                   A        B        C        D        E       F      G
               +--------+--------+--------+--------+--------+-----+--------+
         Total |   2783 |   2710 |     73 |      0 |   2092 |   3 |  927.7 |
       Dungeon |   2783 |   2710 |     73 |      0 |   2092 |   3 |  927.7 |
               +--------+--------+--------+--------+--------+-----+--------+

Top non-repeatable levels by time:
     D:3: 975 daAuts
     D:2: 912 daAuts
     D:1: 896 daAuts
